 Dungeon Crawl Stone Soup version 0.24.0-13-gcf9b3192b9 (webtiles) character file.

Game seed: 11777300215986304193, levelgen mode: deterministic

16821 Arum the Destroyer (level 12, -4/77 HPs)
             Began as a Demonspawn Fire Elementalist on Nov 10, 2019.
             Was an Elder of Vehumet.
             Shot with an arrow by a centaur warrior (24 damage)
             ... on level 13 of the Dungeon.
             The game lasted 00:50:03 (17648 turns).

Arum the Destroyer (Demonspawn Fire Elementalist)  Turns: 17648, Time: 00:50:03

Health: -4/77      AC: 10    Str: 10    XL:     12   Next: 13%
Magic:  11/26      EV: 14    Int: 21    God:    Vehumet [****..]
Gold:   919        SH:  0    Dex: 15    Spells: 19/32 levels left

rFire    + + .     SeeInvis .   Q - staff of energy
rCold    + . .     Gourm    .   (no shield)
rNeg     . . .     Faith    .   D - +2 robe {rC+ rF+}
rPois    .         Spirit   .   j - +1 helmet
rElec    .         Reflect  .   u - scarf {repulsion}
rCorr    .         Harm     .   (no gloves)
MR       .....                  p - +1 pair of boots
Stlth    ++........             (no amulet)
HPRegen  0.22/turn              h - +2 ring of strength
MPRegen  0.20/turn              m - +2 ring of evasion

@: repel missiles
A: claws 2, rugged brown scales 2, demonic guardian 1, fire resistance 1,
powered by pain 2
a: Renounce Religion


You were on level 13 of the Dungeon.
You worshipped Vehumet.
Vehumet was greatly pleased with you.
You were not hungry.

You visited 2 branches of the dungeon, and saw 14 of its levels.

You collected 919 gold pieces.

Inventory:

Hand Weapons
 K - the +10 lajatang of Extinguishment {freeze, rElec rPois Int-5}
   (You found it on level 9 of the Dungeon)

   It has been specially enchanted to freeze those struck by it, causing extra
   injury to most foes and up to half again as much damage against particularly
   susceptible opponents.
   It can also slow down cold-blooded creatures.
   It affects your intelligence (-5).
   It insulates you from electricity.
   It protects you from poison.
 L - a +1 vampiric dagger
 X - the +7 mace of Gravity {crush, rF- MP+9 Str+4}
   (You took it off an orc priest on level 12 of the Dungeon)

   It inflicts extra damage upon your enemies.
   It affects your strength (+4).
   It makes you vulnerable to fire.
   It affects your magic capacity (+9).
Missiles
 a - a throwing net
 f - 5 boomerangs of dispersal (quivered)
 v - 3 curare-tipped darts
Armour
 j - a +1 helmet (worn)
 p - a +1 pair of boots (worn)
 u - a scarf of repulsion (worn)
 y - a scarf of resistance
 B - a +0 buckler
 D - a +2 robe of resistance (worn)
Magical Staves
 Q - an uncursed staff of energy (weapon)
Jewellery
 h - a +2 ring of strength (left claw)
 m - a +2 ring of evasion (right claw)
 O - an uncursed ring of protection from magic
Wands
 k - a wand of paralysis (10)
 J - a wand of polymorph (4)
 N - a wand of iceblast (15)
 P - a wand of random effects (16)
 R - a wand of enslavement (4)
Scrolls
 g - 5 scrolls of magic mapping
 i - 3 scrolls of teleportation
 l - 2 scrolls of enchant armour
 o - 2 scrolls of blinking
 q - 2 scrolls of amnesia
 r - 2 scrolls of fear
 s - 3 scrolls of fog
 w - 2 scrolls of enchant weapon
 A - 6 scrolls of identify
 I - 2 scrolls of immolation
 W - a scroll of remove curse
Potions
 d - a potion of berserk rage
 e - a potion of heal wounds
 n - 2 potions of degeneration
 t - 2 potions of lignification
 x - a potion of resistance
 z - 2 potions of mutation
 F - a potion of cancellation
 G - a potion of brilliance
 H - a potion of haste {unknown}
 M - a potion of ambrosia {unknown}
Miscellaneous
 S - a crystal ball of energy
 U - a lightning rod (4/4)
 V - a phantom mirror
Comestibles
 b - 3 chunks of flesh
 c - 22 rations


   Skills:
 - Level 1.7 Dodging
 - Level 1.7 Stealth
 + Level 10.9 Spellcasting
 + Level 11.6 Conjurations
 - Level 10.0 Fire Magic
 + Level 4.2 Evocations


You had 19 spell levels left.
You knew the following spells:

 Your Spells              Type           Power        Failure   Level  Hunger
a - Flame Tongue          Conj/Fire      #####        1%          1    None
b - Conjure Flame         Conj/Fire      ######..     1%          3    None
c - Sticky Flame          Conj/Fire      ######..     1%          4    None
d - Fireball              Conj/Fire      ######....   1%          5    None

Your spell library contained the following spells:

 Spells                   Type           Power        Failure   Level  Hunger
 Fulminant Prism          Conj/Hex       #####.....   1%          4    None
 Throw Flame              Conj/Fire      ######       1%          2    None
 Inner Flame              Hex/Fire       ####....     1%          3    None
 Beastly Appendage        Tmut           ##....       6%          1    None
 Corona                   Hex            ##.....      6%          1    None
 Slow                     Hex            ##......     9%          2    None
 Sticks to Snakes         Tmut           ##......     9%          2    None
 Portal Projectile        Hex/Tloc       ##....       19%         3    None
 Spider Form              Tmut/Pois      ##........   19%         3    None
 Cause Fear               Hex            ##........   52%         4    None
 Ice Form                 Ice/Tmut       ##......     52%         4    None
 Leda's Liquefaction      Hex/Erth       ##........   52%         4    None
 Blade Hands              Tmut           ##........   86%         5    None


Dungeon Overview and Level Annotations

Branches:
Dungeon (13/15)            Temple (1/1) D:5            Lair (0/6) D:9
    Orc (0/2) D:12
 Vaults: D:13-14

Altars:
Ashenzari
Cheibriados
Dithmenos
Elyvilon
Fedhas
Gozag
Hepliaklqana
Kikubaaqudgha
Makhleb
Nemelex Xobeh
Okawaru
Qazlal
Ru
Sif Muna
Uskayaw
Vehumet
Wu Jian
Xom
Yredelemnul
Zin
The Shining One

Annotations:
D:6 2 transporters


Innate Abilities, Weirdness & Mutations

You have very sharp fingernails.
You are mostly covered in rugged brown scales. (AC +2, +5% HP)
A weak demonic guardian rushes to your aid.
Your flesh is heat resistant. (rF+)
You sometimes gain power by taking damage.


Message History

The centaur warrior is almost dead.
The centaur warrior shoots an arrow.
The arrow closely misses you.
Casting: Flame Tongue (safe; 1% risk of failure)
Confirm with . or Enter, or press ? or * to list all spells.
Aiming: Flame Tongue (safe; 1% risk of failure)
Press: ? - help, Shift-Dir - straight line, f/p - centaur warrior
Aim: a centaur warrior, wielding a +0 shortbow (almost dead)
The flame tongue hits the centaur warrior but does no damage.
The centaur warrior is almost dead.
The centaur warrior shoots an arrow.
The arrow hits you!!
* * * LOW HITPOINT WARNING * * *
Casting: Flame Tongue (safe; 1% risk of failure)
Confirm with . or Enter, or press ? or * to list all spells.
Aiming: Flame Tongue (safe; 1% risk of failure)
Press: ? - help, Shift-Dir - straight line, f/p - centaur warrior
Aim: a centaur warrior, wielding a +0 shortbow (almost dead)
The flame tongue hits the centaur warrior but does no damage.
The centaur warrior is almost dead.
The centaur warrior shoots an arrow.
The arrow hits you!!
You die...

............#
......[.....#
............#
............#
#.(....#
#..hc).#
#......#
#......#
#.....@#
#.....(#
#.....(#
#.....)#
#......#
#......#
#......#
########


You could see a centaur warrior and a black bear.

Vanquished Creatures
  Nessos (D:13)
  A hydra (D:12)
  A two-headed ogre (D:10)
  A death yak (D:9)
  Pikel (D:6)
  A harpy (shapeshifter) (D:11)
  2 ugly things
  A deep elf mage (D:10)
  3 manticores
  A gargoyle (D:10)
  A freezing wraith (D:10)
  A komodo dragon (D:11)
  2 trolls
  A hippogriff (D:11)
  12 yaks
  A wraith (D:12)
  A human (D:11)
  A soldier ant (D:12)
  A water moccasin (D:7)
  2 ice beasts (D:9)
  2 black bears
  A hornet zombie (D:8)
  A phantom (D:7)
  4 sky beasts
  A slave (D:6)
  A necrophage (D:11)
  5 orc warriors
  2 centaurs
  3 ogres
  6 bullfrogs
  3 scorpions
  4 killer bees (D:10)
  5 wights
  3 howler monkeys
  9 crimson imps
  2 centaur zombies
  8 hounds
  15 orc priests
  A gnoll shaman (D:8)
  2 jellies (D:8)
  17 orc wizards
  3 bullfrog skeletons
  2 centaur skeletons (D:4)
  3 iguanas
  6 worker ants
  A killer bee zombie (D:5)
  A hound skeleton (D:6)
  A worker ant zombie (D:5)
  10 gnolls
  A howler monkey skeleton (D:10)
  20 adders
  3 shadow imps
  A white imp (D:9)
  An ooze (D:6)
  2 adder zombies
  3 adder skeletons
  A worm (D:6)
  A dart slug (D:2)
  5 leopard geckos
  60 orcs
  2 ball pythons
  4 giant cockroaches
  3 goblins
  3 hobgoblins (D:1)
  10 jackals
  8 quokkas
  11 bats
  5 frilled lizards
  7 kobolds
  A leopard gecko zombie (D:8)
  A quokka skeleton (D:6)
  A quokka zombie (D:6)
  8 rats
320 creatures vanquished.

Vanquished Creatures (collateral kills)
  A wizard (D:10)
  An ugly thing (D:12)
  A centaur zombie (D:12)
  A centaur skeleton (D:11)
  A hippogriff (D:12)
  2 yaks (D:10)
  A water moccasin (D:9)
  2 phantoms
  An ogre (D:6)
  A scorpion (D:4)
  A howler monkey (D:12)
  An orc priest (D:10)
  A hound (D:4)
  Jessica (D:3)
  A gnoll (D:2)
  A leopard gecko (D:4)
  An orc (D:4)
  A hobgoblin (D:3)
  A kobold (D:2)
21 creatures vanquished.

Vanquished Creatures (others)
  A necrophage (D:11)
  A crimson imp (D:7)
  An orc wizard (D:6)
  An orc (D:7)
  6 plants (D:6)
10 creatures vanquished.

Grand Total: 351 creatures vanquished

Notes
Turn   | Place    | Note
-------+----------+-------------------------------------------
     0 | D:1      | Arum the Demonspawn Fire Elementalist began the quest for
                  | the Orb.
     0 | D:1      | Reached XP level 1. HP: 13/13 MP: 3/3
   279 | D:1      | Gained mutation: A weak demonic guardian rushes to your
                  | aid. [demonic ancestry]
   279 | D:1      | Reached XP level 2. HP: 13/19 MP: 0/5
  1026 | D:2      | Noticed a phantom
  1064 | D:2      | Killed a phantom
  1064 | D:2      | Reached skill level 2 in Conjurations
  1064 | D:2      | Gained mutation: You have sharp fingernails. [demonic
                  | ancestry]
  1064 | D:2      | Reached XP level 3. HP: 13/24 MP: 1/7
  1064 | D:2      | Gained mutation: You have very sharp fingernails. [demonic
                  | ancestry]
  1064 | D:2      | Reached XP level 4. HP: 17/30 MP: 1/8
  1210 | D:2      | Learned a level 3 spell: Conjure Flame
  1215 | D:2      | Learned a level 4 spell: Sticky Flame
  1261 | D:2      | Found a white marble altar of Elyvilon.
  1506 | D:2      | Reached XP level 5. HP: 35/35 MP: 6/9
  1844 | D:2      | Reached skill level 3 in Conjurations
  2302 | D:3      | Noticed Jessica
  2309 | D:3      | Killed Jessica
  2483 | D:3      | Found a faded altar of an unknown god.
  3048 | D:4      | Gained mutation: You sometimes gain a little power by
                  | taking damage. [demonic ancestry]
  3048 | D:4      | Reached XP level 6. HP: 20/41 MP: 0/11
  3461 | D:4      | Found Tatsoym's Book Emporium.
  3809 | D:4      | Reached skill level 4 in Conjurations
  3980 | D:4      | Learned a level 5 spell: Fireball
  4221 | D:4      | Gained mutation: You sometimes gain power by taking damage.
                  | [demonic ancestry]
  4221 | D:4      | Reached XP level 7. HP: 46/46 MP: 5/13
  4754 | D:5      | Entered Level 5 of the Dungeon
  4845 | D:5      | Found a staircase to the Ecumenical Temple.
  4855 | Temple   | Entered the Ecumenical Temple
  5181 | D:5      | Found a basalt altar of Yredelemnul.
  5266 | D:5      | Reached skill level 5 in Fire Magic
  5434 | D:5      | Found an ancient bone altar of Kikubaaqudgha.
  6217 | D:6      | Reached skill level 5 in Conjurations
  6223 | D:6      | Reached skill level 5 in Spellcasting
  6393 | D:6      | Found a transporter.
  6394 | D:6      | Found a transporter.
  6633 | D:5      | Gained mutation: You are partially covered in rugged brown
                  | scales. (AC +1, +3% HP) [demonic ancestry]
  6633 | D:5      | Reached XP level 8. HP: 25/53 MP: 6/15
  7252 | D:6      | Reached skill level 6 in Conjurations
  7451 | D:6      | Found a glowing golden altar of the Shining One.
  7681 | D:6      | Found a sparkling altar of Nemelex Xobeh.
  7719 | D:7      | Noticed Pikel
  8047 | D:6      | Killed Pikel
  8047 | D:6      | Reached skill level 7 in Conjurations
  8047 | D:6      | Reached XP level 9. HP: 29/58 MP: 3/19
  8278 | D:7      | Found a glowing silver altar of Zin.
  8436 | D:7      | Found a burning altar of Makhleb.
  8439 | D:7      | Found a radiant altar of Vehumet.
  8443 | D:7      | Became a worshipper of Vehumet
  8447 | D:7      | Found a blossoming altar of Fedhas.
  8877 | D:8      | Found an iron altar of Okawaru.
  9522 | D:8      | Reached * piety under Vehumet
  9522 | D:8      | Offered knowledge of Shock by Vehumet.
  9807 | D:8      | Found a shadowy altar of Dithmenos.
 10636 | D:9      | Reached skill level 8 in Conjurations
 10710 | D:9      | Noticed a death yak
 10716 | D:9      | Noticed a death yak
 10736 | D:9      | Killed a death yak
 10736 | D:9      | Gained mutation: You are mostly covered in rugged brown
                  | scales. (AC +2, +5% HP) [demonic ancestry]
 10736 | D:9      | Reached XP level 10. HP: 43/66 MP: 8/21
 10742 | D:9      | Noticed a death yak
 11059 | D:9      | Found a staircase to the Lair.
 11662 | D:10     | Entered Level 10 of the Dungeon
 11787 | D:10     | Noticed a purple ugly thing
 11789 | D:10     | Noticed a manticore
 11790 | D:10     | Noticed a gargoyle
 11798 | D:10     | Killed a brown ugly thing
 11960 | D:10     | Offered knowledge of Freeze by Vehumet.
 11985 | D:10     | Reached ** piety under Vehumet
 12001 | D:10     | Reached skill level 9 in Conjurations
 12037 | D:10     | Noticed a manticore
 12054 | D:10     | Killed a manticore
 12097 | D:10     | Identified the +10 lajatang of Extinguishment {freeze,
                  | rElec rPois Int-5}
 12748 | D:10     | Killed a gargoyle
 12928 | D:10     | Noticed a two-headed ogre
 12945 | D:10     | Killed a two-headed ogre
 12945 | D:10     | Offered knowledge of Static Discharge by Vehumet.
 12986 | D:10     | Noticed a wizard
 12990 | D:10     | Killed a wizard
 12990 | D:10     | Reached XP level 11. HP: 58/71 MP: 16/24
 13163 | D:10     | Reached skill level 10 in Conjurations
 13329 | D:10     | Found a hide-covered altar of Uskayaw.
 13897 | D:11     | Noticed a white ugly thing
 13910 | D:11     | Killed a white ugly thing
 13910 | D:11     | Reached *** piety under Vehumet
 14051 | D:11     | Noticed a deep elf mage
 14267 | D:10     | Killed a deep elf mage
 14337 | D:11     | Reached skill level 10 in Fire Magic
 14372 | D:11     | Found a shimmering altar of Xom.
 14439 | D:11     | Reached skill level 10 in Spellcasting
 14555 | D:11     | Found a shimmering altar of Xom.
 14577 | D:11     | Noticed a harpy
 14577 | D:11     | a yaktaur changed into a harpy
 14586 | D:11     | Killed a harpy
 14775 | D:11     | Found a shadowy altar of Dithmenos.
 14849 | D:11     | Offered knowledge of Ignite Poison by Vehumet.
 15311 | D:12     | Noticed a brown ugly thing
 15318 | D:12     | Killed a brown ugly thing
 15318 | D:12     | Reached skill level 11 in Conjurations
 15318 | D:12     | Reached skill level 1 in Evocations
 16110 | D:12     | Reached **** piety under Vehumet
 16377 | D:12     | Found a staircase to the Orcish Mines.
 16536 | D:12     | Offered knowledge of Fulminant Prism by Vehumet.
 16634 | D:12     | Identified the +7 mace of Gravity {crush, rF- MP+9 Str+4}
 17209 | D:12     | Noticed a seven-headed hydra
 17214 | D:12     | Killed a seven-headed hydra
 17214 | D:12     | Gained mutation: Your flesh is heat resistant. (rF+)
                  | [demonic ancestry]
 17214 | D:12     | Reached XP level 12. HP: 77/77 MP: 12/26
 17466 | D:13     | Noticed Nessos
 17474 | D:13     | Noticed a centaur warrior
 17644 | D:13     | Killed Nessos
 17648 | D:13     | Shot with an arrow by a centaur warrior

Levels and vault maps discovered:
D:1:      ncdulo_watergridlock, layout_basic
D:2:      layout_rooms, lemuel_coloured_pillars_altar, first_ration
D:3:      layout_basic, chequers_ecumenical_altar_grove, uniq_jessica
D:4:      layout_basic, serial_shops, shop, st_stairs_14, minmay_joined_circles
D:5:      layout_basic, overflow_temple_1_default, kiku_gazebo_garden_becter,
          minmay_temple_entry_waves
D:6:      layout_basic, nemelex_xobeh_ov_fountains_minmay, tso_metal_star,
          gammafunk_ghost_gnarly_gnolls
D:7:      layout_rooms, kennysheep_little_box, grunt_temple_overflow_diamond,
          uniq_pikel
D:8:      layout_loops_ring, lemuel_crystal_altar, lemuel_crystal_altar
D:9:      layout_rooms, kennysheep_mini, dpeg_lair_monsters
D:10:     minmay_the_grid_octo_2x2 [minmay_the_grid_octo_empty,
          minmay_the_grid_octo_toaster, minmay_the_grid_octo_empty,
          minmay_the_grid_octo_prize_square_snowflake], layout_rooms,
          basic_altar
D:11:     layout_loops_ring, basic_altar, hangedman_stone_soup, xom_redecorated
D:12:     layout_loops_corners, hiddenorc2_lemuel
D:13:     layout_long_grid, uniq_nessos
Temple:   jpeg_temple_alley_garden

Skill      XL: |  1  2  3  4  5  6  7  8  9 10 11 12 |
---------------+-------------------------------------+-----
Fire Magic     | 3 4 5 6 8 9 10 | 10.0
Spellcasting   | 3 4 5 6 7 9 10 | 10.9
Conjurations   | 2 3 4 5 7 8 9 11 | 11.6
Evocations     | 3 4 |  4.2
Dodging        | |  1.7
Stealth        | |  1.7

Action                   |  1- 3 |  4- 6 |  7- 9 | 10-12 || total
-------------------------+-------+-------+-------+-------++-------
Melee: Whip              |    44 |    53 |   183 |    51 ||   331
       Lajatang          |       |       |       |    30 ||    30
       Staff             |       |       |       |    22 ||    22
Throw: Boomerang         |       |       |       |     1 ||     1
 Cast: Flame Tongue      |    22 |    95 |   269 |   435 ||   821
       Conjure Flame     |       |     3 |     3 |    28 ||    34
       Sticky Flame      |       |       |    17 |    29 ||    46
       Fireball          |       |       |     5 |    30 ||    35
Evoke: Wand              |       |       |       |     3 ||     3
       Staff of energy   |       |       |       |     3 ||     3
  Use: Potion            |       |     5 |       |     3 ||     8
       Scroll            |       |       |    14 |     1 ||    15
 Stab: Sleeping          |       |       |     1 |       ||     1
       Distracted        |       |       |       |     1 ||     1
  Eat: Chunk             |     1 |    10 |    25 |    25 ||    61
Armor: Robe              |    14 |    10 |    60 |    61 ||   145
       Skin              |       |    18 |       |       ||    18
Dodge: Dodged            |    37 |    49 |   198 |   152 ||   436
       Deflected         |       |       |     1 |    10 ||    11
